BR (22 & UNDER)
PUNTA CANA HUTIAS @ CLEARWATER CRAB PEOPLE
09/14/2029
 
TOP OF THE 1ST
Punta Cana Hutias batting - Pitching for Clearwater Crab People : RHP Bobby Brooks
Pitching: RHP Bobby Brooks
Batting: LHB Dave Watkins 0-0: Ball
1-0: Ball
2-0: Fly out, F7 (Line Drive, 7S)
Batting: LHB Luis García 0-0: DOUBLE (Line Drive, 78M)
Batting: LHB Norberto Garza 0-0: Ball
1-0: Swinging Strike
1-1: DOUBLE (Line Drive, 7LS)
Luis García scores
Batting: RHB Mike Martínez 0-0: Ball
1-0: Ball
2-0: Foul Ball, location: 2F
2-1: Ground out 6-3 (Groundball, 56)
Batting: LHB Harry Davis 0-0: Ball
1-0: Foul Ball, location: 2F
1-1: Ball
2-1: Foul Ball, location: 2F
2-2: Foul Ball, location: 2F
2-2: Fly out, F4 (Flyball, 4D)
Top of the 1st over - 1 run, 2 hits, 0 errors, 1 left on base; Punta Cana 1 - Clearwater 0
BOTTOM OF THE 1ST
Clearwater Crab People batting - Pitching for Punta Cana Hutias : RHP Brian Lovelace
Pitching: RHP Brian Lovelace
Batting: RHB Gerald Hayes 0-0: Ball
1-0: Swinging Strike
1-1: Foul Ball, location: 2F
1-2: Strikes out swinging
Batting: RHB Miguel Gómez 0-0: Ball
1-0: Ball
2-0: Called Strike
2-1: Ball
3-1: Called Strike
3-2: Strikes out looking
Batting: LHB Ramón Martínez 0-0: Ball
1-0: Foul Ball, location: 2F
1-1: Ball
2-1: Foul Ball, location: 2F
2-2: Ball
3-2: Strikes out swinging
Bottom of the 1st over - 0 runs, 0 hits, 0 errors, 0 left on base; Punta Cana 1 - Clearwater 0
TOP OF THE 2ND
Punta Cana Hutias batting - Pitching for Clearwater Crab People : RHP Bobby Brooks
Batting: LHB Don MacNeill 0-0: Ball
1-0: Fly out, F6 (Flyball, 6D)
Batting: LHB Tony Ríos 0-0: Called Strike
0-1: Ground out 4-3 (Groundball, 4)
Batting: RHB Alfredo Bernard 0-0: Ball
1-0: Foul Ball, location: 2F
1-1: Foul Ball, location: 2F
1-2: Foul Ball, location: 2F
1-2: Foul Ball, location: 2F
1-2: Ground out 6-3 (Groundball, 6)
Top of the 2nd over - 0 runs, 0 hits, 0 errors, 0 left on base; Punta Cana 1 - Clearwater 0
BOTTOM OF THE 2ND
Clearwater Crab People batting - Pitching for Punta Cana Hutias : RHP Brian Lovelace
Batting: RHB Terry Davis 0-0: Called Strike
0-1: Ball
1-1: Fly out, F8 (Flyball, 8LM)
Batting: RHB Karl Stone 0-0: Called Strike
0-1: Ball
1-1: Ball
2-1: Ball
3-1: Base on Balls
Batting: RHB Kevin Hernández 0-0: Called Strike
0-1: Foul Ball, location: 2F
0-2: Ball
1-2: Foul Ball, location: 2F
1-2: Ball
2-2: Strikes out looking
Batting: RHB Juan Carlos Cruz 0-0: Ground out 4-3 (Groundball, 4)
Bottom of the 2nd over - 0 runs, 0 hits, 0 errors, 1 left on base; Punta Cana 1 - Clearwater 0
TOP OF THE 3RD
Punta Cana Hutias batting - Pitching for Clearwater Crab People : RHP Bobby Brooks
Batting: LHB Jorge Ramírez 0-0: Called Strike
0-1: Ground out 5-3 (Groundball, 56)
Batting: LHB Dave Watkins 0-0: Foul Ball, location: 2F
0-1: Called Strike
0-2: Ball
1-2: Foul Ball, location: 2F
1-2: Ball
2-2: Foul Ball, location: 2F
2-2: Ball
3-2: Base on Balls
Batting: LHB Luis García 0-0: Ball
Dave Watkins steals 2nd base
1-0: Ball
Dave Watkins is caught stealing 3rd base
2-0: Called Strike
2-1: Foul Ball, location: 2F
2-2: Ground out 1-3 (Groundball, P)
Top of the 3rd over - 0 runs, 0 hits, 0 errors, 0 left on base; Punta Cana 1 - Clearwater 0
BOTTOM OF THE 3RD
Clearwater Crab People batting - Pitching for Punta Cana Hutias : RHP Brian Lovelace
Batting: RHB Bud Manning 0-0: Ball
1-0: Fly out, F7 (Flyball, 7S)
Batting: RHB Carlos González 0-0: SOLO HOME RUN (Flyball, 7LD), Distance : 353 ft
Batting: RHB Gerald Hayes 0-0: Called Strike
0-1: Ball
1-1: Swinging Strike
1-2: Ball
2-2: Foul Ball, location: 2F
2-2: Ball
3-2: Strikes out swinging, 2-3 out at first.
Batting: RHB Miguel Gómez 0-0: Called Strike
0-1: Ball
1-1: Ball
2-1: Called Strike
2-2: Strikes out swinging
Bottom of the 3rd over - 1 run, 1 hit, 0 errors, 0 left on base; Punta Cana 1 - Clearwater 1
TOP OF THE 4TH
Punta Cana Hutias batting - Pitching for Clearwater Crab People : RHP Bobby Brooks
Batting: LHB Norberto Garza 0-0: Ball
1-0: SINGLE (Groundball, 34D)
Batting: RHB Mike Martínez 0-0: Ball
1-0: Ball
Wild Pitch!
Norberto Garza to second
2-0: Called Strike
2-1: Ball
3-1: Fly out, F9 (Flyball, 89D)
Runner from 2nd tags up, SAFE at 3rd, no throw
Batting: LHB Harry Davis 0-0: Called Strike
0-1: Ground out 5-3 (Groundball, 56)
Norberto Garza scores
Pitching: RHP Ricardo Blanco
Batting: LHB Don MacNeill 0-0: Ball
1-0: Swinging Strike
1-1: Ball
2-1: Foul Ball, location: 2F
2-2: Ball
3-2: Base on Balls
Batting: LHB Tony Ríos 0-0: Called Strike
0-1: Foul Ball, location: 2F
0-2: Ball
1-2: Ball
2-2: Ball
3-2: SINGLE (Line Drive, 7S)
Don MacNeill to second
Don MacNeill to third
Batting: RHB Alfredo Bernard 0-0: Ball
1-0: SINGLE (Groundball, 4MD)
Don MacNeill scores
Tony Ríos to second
Runner from 2nd tries for 3rd, SAFE, no throw
Batting: LHB Jorge Ramírez 0-0: Fly out, F2 (Popup, 13S)
Top of the 4th over - 2 runs, 3 hits, 0 errors, 2 left on base; Punta Cana 3 - Clearwater 1
BOTTOM OF THE 4TH
Clearwater Crab People batting - Pitching for Punta Cana Hutias : RHP Brian Lovelace
Batting: LHB Ramón Martínez 0-0: Called Strike
0-1: Foul Ball, location: 2F
0-2: Strikes out swinging
Batting: RHB Terry Davis 0-0: Ball
1-0: DOUBLE (Flyball, 89D)
Batting: RHB Karl Stone 0-0: Ball
1-0: SINGLE (Line Drive, 9LS)
Terry Davis to third
Batting: RHB Kevin Hernández 0-0: Ball
1-0: Called Strike
1-1: Foul Ball, location: 2F
1-2: Strikes out swinging
Batting: RHB Juan Carlos Cruz 0-0: Ball
1-0: Foul Ball, location: 2F
1-1: Ball
2-1: Fly out, F8 (Flyball, 8LM)
Bottom of the 4th over - 0 runs, 2 hits, 0 errors, 2 left on base; Punta Cana 3 - Clearwater 1
TOP OF THE 5TH
Punta Cana Hutias batting - Pitching for Clearwater Crab People : RHP Ricardo Blanco
Batting: LHB Dave Watkins 0-0: Called Strike
0-1: Called Strike
0-2: Ball
1-2: SINGLE (Line Drive, 7)
Batting: LHB Luis García 0-0: Called Strike
0-1: DOUBLE (Line Drive, 78D)
Dave Watkins to third
Runner from 3rd tries for Home, SAFE, no throw
Batting: LHB Norberto Garza 0-0: Foul Ball, location: 2F
0-1: Ball
1-1: SINGLE (Line Drive, 9S)
Luis García to third
Batting: RHB Mike Martínez 0-0: Called Strike
0-1: Ball
1-1: Fly out, F8 (Flyball, 8LS)
Runner from 3rd tags up, SCORES, no throw
Batting: LHB Harry Davis 0-0: Ball
1-0: Ball
Wild Pitch!
Norberto Garza to second
2-0: Called Strike
2-1: Ball
3-1: SINGLE (Line Drive, 9S)
Norberto Garza to third
Runner from 3rd tries for Home, SAFE, no throw
Batting: LHB Don MacNeill 0-0: Called Strike
0-1: Ball
1-1: SINGLE (Line Drive, 89S)
Harry Davis to second
Batting: LHB Tony Ríos 0-0: Ball
Balk!
Harry Davis to third
Don MacNeill to second
1-0: Ground out 6-3 (Groundball, 6)
Batting: RHB Alfredo Bernard 0-0: Called Strike
0-1: Ball
1-1: Ball
2-1: Foul Ball, location: 2F
2-2: Ball
3-2: Base on Balls
Batting: LHB Jorge Ramírez 0-0: Called Strike
0-1: SINGLE (Groundball, 56S) (infield hit)
Harry Davis scores
Don MacNeill to third
Alfredo Bernard to second
Batting: LHB Dave Watkins 0-0: Fly out, F7 (Flyball, 7D)
Top of the 5th over - 4 runs, 6 hits, 0 errors, 3 left on base; Punta Cana 7 - Clearwater 1
BOTTOM OF THE 5TH
Clearwater Crab People batting - Pitching for Punta Cana Hutias : RHP Brian Lovelace
Batting: RHB Bud Manning 0-0: Called Strike
0-1: Ball
1-1: Swinging Strike
1-2: Foul Ball, location: 2F
1-2: Ball
2-2: Ground out 5-3 (Groundball, 56)
Batting: RHB Carlos González 0-0: Foul Ball, location: 2F
0-1: Ball
1-1: SINGLE (Line Drive, 34D)
Batting: RHB Gerald Hayes 0-0: Ball
1-0: Ball
2-0: Foul Ball, location: 2F
2-1: Foul Ball, location: 2F
2-2: Foul Ball, location: 2F
2-2: SINGLE (Groundball, 4D)
Carlos González to second
Runner from 2nd tries for 3rd, SAFE, no throw
Batting: RHB Miguel Gómez 0-0: Called Strike
0-1: Ball
Gerald Hayes is caught stealing 2nd base
1-1: Foul Ball, location: 2F
1-2: SINGLE (Groundball, 6MD)
Carlos González scores
Batting: LHB Ramón Martínez 0-0: Called Strike
0-1: Swinging Strike
0-2: Ball
1-2: Ground out U3 (Groundball, 34S)
Bottom of the 5th over - 1 run, 3 hits, 0 errors, 1 left on base; Punta Cana 7 - Clearwater 2
TOP OF THE 6TH
Punta Cana Hutias batting - Pitching for Clearwater Crab People : RHP Ricardo Blanco
Batting: LHB Luis García 0-0: Called Strike
0-1: Foul Ball, location: 2F
0-2: Ball
1-2: Ball
2-2: Ball
3-2: DOUBLE (Flyball, 89D)
Batting: LHB Norberto Garza 0-0: Called Strike
0-1: DOUBLE (Line Drive, 9LD)
Luis García scores
Batting: RHB Mike Martínez 0-0: Ball
1-0: Ball
2-0: Ball
3-0: Called Strike
3-1: Foul Ball, location: 2F
3-2: Base on Balls
Pitching: RHP Daniele Boccanera
Batting: LHB Harry Davis 0-0: Ball
1-0: Called Strike
1-1: DOUBLE (Groundball, 5L)
Norberto Garza scores
Mike Martínez to third
Batting: LHB Don MacNeill 0-0: Ball
1-0: Foul Ball, location: 2F
1-1: Ball
2-1: Fly out, F7 (Flyball, 78D)
Runner from 3rd tags up, SCORES, no throw
Batting: LHB Tony Ríos 0-0: Swinging Strike
0-1: Foul Ball, location: 2F
0-2: Ball
1-2: Foul Ball, location: 2F
1-2: Strikes out swinging
Batting: RHB Alfredo Bernard 0-0: Foul Ball, location: 2F
0-1: Called Strike
0-2: Ball
1-2: Fly out, F9 (Flyball, 9D)
Top of the 6th over - 3 runs, 3 hits, 0 errors, 1 left on base; Punta Cana 10 - Clearwater 2
BOTTOM OF THE 6TH
Clearwater Crab People batting - Pitching for Punta Cana Hutias : RHP Brian Lovelace
Batting: RHB Terry Davis 0-0: Swinging Strike
0-1: Ball
1-1: Fly out, F9 (Line Drive, 9LD)
Batting: RHB Karl Stone 0-0: Ball
1-0: Ground out 5-3 (Groundball, 56S)
Batting: RHB Kevin Hernández 0-0: Ball
1-0: Fly out, F8 (Line Drive, 8LM)
Bottom of the 6th over - 0 runs, 0 hits, 0 errors, 0 left on base; Punta Cana 10 - Clearwater 2
TOP OF THE 7TH
Punta Cana Hutias batting - Pitching for Clearwater Crab People : RHP Daniele Boccanera
Batting: LHB Jorge Ramírez 0-0: Called Strike
0-1: Called Strike
0-2: Ball
1-2: Ball
2-2: Ground out 5-3 (Groundball, 5)
Batting: LHB Dave Watkins 0-0: Called Strike
0-1: Called Strike
0-2: Ball
1-2: Ball
2-2: Ball
3-2: Base on Balls
Batting: LHB Luis García 0-0: Ball
1-0: Swinging Strike
1-1: Ball
2-1: Foul Ball, location: 2F
2-2: Single, Error in OF, E7, batter to second base
Dave Watkins to third
Batting: LHB Norberto Garza 0-0: Called Strike
0-1: Fly out, F6 (Popup, 6MS)
Batting: RHB Mike Martínez 0-0: Called Strike
Balk!
Dave Watkins scores
Luis García to third
0-1: DOUBLE (Line Drive, 78D)
Luis García scores
Batting: LHB Harry Davis 0-0: Foul Ball, location: 2F
0-1: Ground out 5-3 (Groundball, 5L)
Top of the 7th over - 2 runs, 2 hits, 1 error, 1 left on base; Punta Cana 12 - Clearwater 2
BOTTOM OF THE 7TH
Clearwater Crab People batting - Pitching for Punta Cana Hutias : RHP Brian Lovelace
Batting: RHB Juan Carlos Cruz 0-0: Fly out, F9 (Flyball, 89M)
Batting: RHB Bud Manning 0-0: Ball
1-0: Called Strike
1-1: Foul Ball, location: 2F
1-2: Fly out, F8 (Flyball, 8LD)
Batting: RHB Carlos González 0-0: Foul Ball, location: 2F
0-1: Ball
1-1: Ground out 4-3 (Groundball, 34)
Bottom of the 7th over - 0 runs, 0 hits, 0 errors, 0 left on base; Punta Cana 12 - Clearwater 2
TOP OF THE 8TH
Punta Cana Hutias batting - Pitching for Clearwater Crab People : RHP Daniele Boccanera
Batting: LHB Don MacNeill 0-0: Foul Ball, location: 2F
0-1: Ball
1-1: Swinging Strike
1-2: Ball
2-2: SINGLE (Groundball, 56D)
Batting: LHB Tony Ríos 0-0: Ball
1-0: Ball
2-0: Called Strike
2-1: Ball
3-1: Base on Balls
Don MacNeill to second
Batting: RHB Alfredo Bernard 0-0: Ball
1-0: SINGLE (Line Drive, 56D)
Don MacNeill to third
Tony Ríos to second
Runner from 3rd tries for Home, SAFE, no throw
Pinch Hitting: RHB Ricardo Murillo 0-0: Ball
1-0: Ball
2-0: Called Strike
2-1: Called Strike
2-2: Ball
3-2: SINGLE (Line Drive, 8LS)
Tony Ríos to third
Alfredo Bernard to second
Batting: LHB Dave Watkins 0-0: Ball
1-0: Swinging Strike
1-1: Called Strike
1-2: SINGLE (Groundball, 34D)
Tony Ríos scores
Alfredo Bernard to third
Ricardo Murillo to second
Runner from 3rd tries for Home, SAFE, no throw
Pitching: RHP Jesús Pérez
Batting: LHB Luis García 0-0: Called Strike
0-1: Ball
1-1: Foul Ball, location: 2F
1-2: Ball
2-2: Ball
3-2: Foul Ball, location: 2F
3-2: Base on Balls
Ricardo Murillo to third
Dave Watkins to second
Batting: LHB Norberto Garza 0-0: Called Strike
0-1: Ball
1-1: Foul Ball, location: 2F
1-2: Foul Ball, location: 2F
1-2: Foul Ball, location: 2F
1-2: Foul Ball, location: 2F
1-2: Foul Ball, location: 2F
1-2: Foul Ball, location: 2F
1-2: Ball
2-2: Strikes out swinging
Batting: RHB Mike Martínez 0-0: Ball
1-0: Ball
2-0: Ball
3-0: Base on Balls
Ricardo Murillo scores
Dave Watkins to third
Luis García to second
Batting: LHB Harry Davis 0-0: Ball
1-0: Foul Ball, location: 2F
1-1: Foul Ball, location: 2F
1-2: Fly out, F5 (Line Drive, 5S)
Batting: LHB Don MacNeill 0-0: Ball
1-0: Swinging Strike
1-1: Called Strike
1-2: Strikes out swinging
Top of the 8th over - 4 runs, 4 hits, 0 errors, 3 left on base; Punta Cana 16 - Clearwater 2
BOTTOM OF THE 8TH
Clearwater Crab People batting - Pitching for Punta Cana Hutias : RHP Brian Lovelace
Now at 1B: Alfonso Huerta
Now at SS: Ricardo Murillo
Batting: RHB Gerald Hayes 0-0: Ground out 4-3 (Groundball, 4)
Pitching: RHP Nick Davis
Batting: RHB Miguel Gómez 0-0: Fly out, F8 (Flyball, 8LS)
Batting: LHB Ramón Martínez 0-0: Fly out, F2 (Popup, 2LF)
Bottom of the 8th over - 0 runs, 0 hits, 0 errors, 0 left on base; Punta Cana 16 - Clearwater 2
TOP OF THE 9TH
Punta Cana Hutias batting - Pitching for Clearwater Crab People : RHP Jesús Pérez
Batting: LHB Tony Ríos 0-0: Called Strike
0-1: Swinging Strike
0-2: Ball
1-2: Ball
2-2: Strikes out swinging
Batting: RHB Alfredo Bernard 0-0: Foul Ball, location: 2F
0-1: Foul Ball, location: 2F
0-2: Strikes out swinging
Batting: RHB Ricardo Murillo 0-0: Called Strike
0-1: Foul Ball, location: 2F
0-2: Strikes out swinging
Top of the 9th over - 0 runs, 0 hits, 0 errors, 0 left on base; Punta Cana 16 - Clearwater 2
BOTTOM OF THE 9TH
Clearwater Crab People batting - Pitching for Punta Cana Hutias : RHP Nick Davis
Now at C: Juan Alaniz
Batting: RHB Terry Davis 0-0: Ball
1-0: Called Strike
1-1: Fly out, F8 (Flyball, 8RD)
Batting: RHB Karl Stone 0-0: Ball
1-0: Foul Ball, location: 2F
1-1: Foul Ball, location: 2F
1-2: Fly out, F7 (Flyball, 7S)
Batting: RHB Kevin Hernández 0-0: Ball
1-0: Ball
2-0: Ball
3-0: Base on Balls
Batting: RHB Juan Carlos Cruz 0-0: Foul Ball, location: 2F
0-1: Foul Ball, location: 2F
0-2: Ball
1-2: Fly out, F7 (Flyball, 7LSF)
Bottom of the 9th over - 0 runs, 0 hits, 0 errors, 1 left on base; Punta Cana 16 - Clearwater 2
Saturday, December 16th, 2017 - OOTP Baseball 18.8 Build 76